 Dungeon Crawl Stone Soup version 0.31-a0-675-g238779eb0a (webtiles) character file.

Game seed: 12352895189568860468

108 qw the Shooter (level 4, -1/28 HPs)
             Began as a Gargoyle Hunter on Sept 5, 2023.
             Slain by Grinder (2 damage)
             ... while paralysed by Grinder
             ... on level 3 of the Dungeon.
             The game lasted 00:00:49 (2368 turns).

qw the Shooter (Gargoyle Hunter)                    Turns: 2368, Time: 00:00:49

Health: -1/28      AC:  8    Str: 20    XL:     4   Next: 87%
Magic:  4/4        EV:  2    Int: 10    God:
Gold:   130        SH:  0    Dex: 15    Spells: 3/3 levels left

rFire   . . .        Y - +0 shortbow
rCold   . . .        (shield currently unavailable)
rNeg    + . .        d - +0 ring mail
rPois   inf          (no helmet)
rElec   +            (no cloak)
rCorr   .            (no gloves)
SInv    .            (no boots)
Will    .....        g - amulet of faith
Stlth   +            a - +6 ring of strength
HPRegen 0.24/turn    (no ring)
MPRegen 0.09/turn

%: faith
@: paralysed
A: sickness immunity, AC +3, negative energy resistance 1, electricity
resistance, torment resistance 1, petrification resistance
a: no special abilities


You were on level 3 of the Dungeon.
You visited 1 branch of the dungeon, and saw 3 of its levels.

You collected 130 gold pieces.


Innate Abilities, Weirdness & Mutations

You are immune to sickness and miasma.
Your stone body is resilient. (AC +3)
You are immune to poison.
You resist negative energy. (rN+)
You are resistant to electric shocks. (rElec)
You are resistant to unholy torment.
You are immune to petrification.


   Skills:
 - Level 3.0 Fighting
 + Level 5.5 Ranged Weapons
 - Level 1.1 Armour
 - Level 1.5 Dodging
 - Level 1.1 Stealth


You had 3 spell levels left.
You didn't know any spells.
Your spell library was empty.

Inventory:

Hand Weapons
 Y - a +0 shortbow (weapon)
Armour
 d - a +0 ring mail (worn)
Jewellery
 a - a +6 ring of strength (left hand)
 g - an amulet of faith (around neck)
Scrolls
 b - a scroll of brand weapon {unknown}
 c - a scroll of identify
Potions
 h - a potion of heal wounds {unknown}
 i - a potion of attraction {unknown}

Dungeon Overview and Level Annotations

Branches:
Dungeon (3/15)

Altars:
Ashenzari
Elyvilon
Yredelemnul

Shops:
D:1 ?===!

Annotations:
D:2 1 runed translucent door, Crazy Yiuf
D:3 Grinder


Message History

You shoot an arrow. The arrow hits Grinder!
Grinder is moderately wounded.
Grinder hits you.
You shoot an arrow.
The arrow hits Grinder but does no damage.
Grinder is moderately wounded.
Grinder says, "Tell me all your secrets, or I'll kill you."
Grinder gestures at you. Pain shoots through your body!
Grinder hits you but does no damage.
You shoot an arrow.
The arrow hits Grinder but does no damage.
Grinder is moderately wounded.
Grinder blinks!
You shoot an arrow. The arrow hits Grinder.
Grinder is moderately wounded.
You shoot an arrow. The arrow hits Grinder.
Grinder is moderately wounded.
Grinder gestures at you.
You suddenly lose the ability to move!
You can move again.
You shoot an arrow. The arrow closely misses Grinder.
Grinder hits you but does no damage.
You shoot an arrow. The arrow closely misses Grinder.
Grinder closely misses you. Grinder hits you but does no damage.
You shoot an arrow.
The arrow hits Grinder but does no damage.
Grinder is moderately wounded.
Grinder barely misses you.
You shoot an arrow. The arrow hits Grinder!
Grinder is heavily wounded.
Grinder says, "FISH!"
Grinder gestures at you.
You suddenly lose the ability to move!
Grinder hits you.
You writhe in agony.
Grinder gestures at you. Pain shoots through your body!
Grinder hits you but does no damage. Grinder hits you.
You die...
Grinder says, "Now the real fun starts!"

#¤~~~~¤~..
###.¤¤_8~~..#
#...¤~>.¤¤..#
#.#.¤~~~~~¤.#
..#.~~~~¤~..#
###.........###########
....####...............
###.###............#
###............5@#
...).....#.#####.#
#.#####.##.# #.# #.#
#.##.# #.#. #.#
#.##.####.... ..#
#.##......... #.#
#.##....#...# #.#
#.##......... #.#
#.##....#


You could see Grinder.

Vanquished Creatures
  4 adders
  A worm (D:3)
  A dart slug (D:3)
  2 orcs (D:3)
  5 endoplasms
  3 giant cockroaches
  7 goblins
  6 hobgoblins
  7 kobolds
  6 quokkas
  4 ball pythons
  4 bats
  5 frilled lizards
  6 rats
61 creatures vanquished.

Notes
Turn   | Place    | Note
-------+----------+-------------------------------------------
     0 | D:1      | qw the Gargoyle Hunter began the quest for the Orb.
     0 | D:1      | Reached XP level 1. HP: 12/12 MP: 1/1
     0 | D:1      | 0 ||| qw: Version: 0.3-a-75-g829b12e
     0 | D:1      | 0 ||| qw: Game counter: 67
     0 | D:1      | 0 ||| qw: Melee chars always use a shield: true
     0 | D:1      | 0 ||| qw: God list: Okawaru
     0 | D:1      | 0 ||| qw: Allow faded altars: false
     0 | D:1      | 0 ||| qw: Do Orc after clearing Dungeon:15 true
     0 | D:1      | 0 ||| qw: Do second Lair branch before Depths: true
     0 | D:1      | 0 ||| qw: Lair rune preference: random
     0 | D:1      | 0 ||| qw: Goals: Normal
     0 | D:1      | 0 ||| PLANNING D:1-11
    70 | D:1      | Found Qilomacy's Distillery.
    73 | D:1      | 73 ||| SHOPLISTING 2 potions of curing (84 gold, have 0).
    73 | D:1      | 73 ||| SHOPLISTING potion of enlightenment (70 gold, have
                  | 0).
    73 | D:1      | 73 ||| SHOPLISTING potion of heal wounds (70 gold, have 0).
    73 | D:1      | 73 ||| SHOPLISTING potion of might (56 gold, have 0).
    73 | D:1      | 73 ||| SHOPLISTING potion of mutation (112 gold, have 0).
   130 | D:1      | Reached XP level 2. HP: 17/17 MP: 2/2
   218 | D:1      | Found a faded altar of an unknown god.
   239 | D:1      | Found Fiuvon's Jewellery Boutique.
   248 | D:1      | 248 ||| SHOPLISTING +5 ring of evasion (468 gold, have 0).
   248 | D:1      | 248 ||| SHOPLISTING +6 ring of dexterity (468 gold, have
                  | 0).
   248 | D:1      | 248 ||| SHOPLISTING +6 ring of strength (468 gold, have 0).
   248 | D:1      | 248 ||| SHOPLISTING amulet of regeneration (390 gold, have
                  | 0).
   248 | D:1      | 248 ||| SHOPLISTING ring of fire (325 gold, have 0).
   248 | D:1      | 248 ||| SHOPLISTING ring of ice (325 gold, have 0).
   248 | D:1      | 248 ||| SHOPLISTING ring of protection from fire (325 gold,
                  | have 0).
   248 | D:1      | 248 ||| SHOPLISTING ring of see invisible (195 gold, have
                  | 0).
   299 | D:1      | Found Niafik's Jewellery Shoppe.
   307 | D:1      | 307 ||| SHOPLISTING +4 ring of protection (468 gold, have
                  | 0).
   307 | D:1      | 307 ||| SHOPLISTING +5 ring of evasion (468 gold, have 0).
   307 | D:1      | 307 ||| SHOPLISTING amulet of regeneration (390 gold, have
                  | 0).
   307 | D:1      | 307 ||| SHOPLISTING amulet of the acrobat (390 gold, have
                  | 0).
   307 | D:1      | 307 ||| SHOPLISTING ring of protection from cold (325 gold,
                  | have 0).
   673 | D:1      | Found Woacsan's Jewellery Shoppe.
   684 | D:1      | 684 ||| SHOPLISTING +4 ring of protection (360 gold, have
                  | 25).
   684 | D:1      | 684 ||| SHOPLISTING +6 ring of strength (360 gold, have
                  | 25).
   684 | D:1      | 684 ||| SHOPLISTING ring of Moderation {rN+ Dex+3} (333
                  | gold, have 25).
   684 | D:1      | 684 ||| SHOPLISTING ring of protection from cold (250 gold,
                  | have 25).
   684 | D:1      | 684 ||| SHOPLISTING ring of the Tempest {EV+5 Str+6} (556
                  | gold, have 25).
   811 | D:1      | Found Wostikk's Magic Scroll Shop.
   814 | D:1      | 814 ||| SHOPLISTING scroll of enchant armour (97 gold, have
                  | 25).
   814 | D:1      | 814 ||| SHOPLISTING scroll of enchant weapon (97 gold, have
                  | 25).
   814 | D:1      | 814 ||| SHOPLISTING scroll of identify (26 gold, have 25).
   814 | D:1      | 814 ||| SHOPLISTING scroll of teleportation (39 gold, have
                  | 25).
   889 | D:1      | Reached XP level 3. HP: 21/21 MP: 3/3
   905 | D:1      | 905 ||| UPGRADING to +0 ring mail.
   915 | D:1      | 915 ||| DROPPING +0 leather armour.
   916 | D:1      | 916 ||| UPGRADING to amulet of faith.
   921 | D:1      | 921 ||| DROPPING ring of magical power.
   922 | D:1      | 922 ||| READING scroll labelled HAXKOU FU FIFE.
   923 | D:1      | 923 ||| DROPPING scroll of butterflies.
   984 | D:2      | Reached skill level 1 in Armour
  1061 | D:2      | Identified the +3 war axe of Lerhixt {freeze, Dex+3}
  1211 | D:2      | Reached skill level 5 in Ranged Weapons
  1236 | D:2      | Found a white marble altar of Elyvilon.
  1386 | D:2      | Found a runed translucent door.
  1387 | D:2      | Noticed Crazy Yiuf
  1568 | D:2      | Reached XP level 4. HP: 24/27 MP: 4/4
  1791 | D:2      | 1791 ||| UPGRADING to +6 ring of strength.
  1792 | D:2      | 1792 ||| READING scroll labelled PIMUECZE ZIETS.
  1821 | D:3      | Reached skill level 3 in Fighting
  2005 | D:3      | Found a broken altar of Ashenzari.
  2215 | D:3      | Found a basalt altar of Yredelemnul.
  2345 | D:3      | Noticed Grinder
  2357 | D:3      | Paralysed by Grinder for 4 turns
  2364 | D:3      | Paralysed by Grinder for 5 turns
  2365 | D:3      | HP: 7/28 [Grinder (6)]
  2366 | D:3      | HP: 1/28 [Grinder/nerve-wracking pain (6)]
  2368 | D:3      | Slain by Grinder

Levels and vault maps discovered:
D:1:      dpeg_arrival_orchard, layout_loops_ring, serial_shops,
          nicolae_shop_rolled_up, nicolae_shop_real_fake_doors, shop,
          nicolae_lakefront_shop, shop,
          shapermc_ecumenical_altar_mp_ritualfount,
          ebering_dispersal_statue_hall
D:2:      layout_basic, basic_altar, uniq_crazy_yiuf_cottage
D:3:      layout_loops_ring, general_overflow_altar,
          mainiacjoe_overflow_alcove_1, nicolae_ashenzari_skybound,
          minmay_surrounded, uniq_grinder

Skill      XL: |  1  2  3  4 |
---------------+-------------+-----
Armour         | 1 |  1.1
Ranged Weapons | 5 |  5.5
Fighting       | 3 |  3.0
Dodging        | |  1.5
Stealth        | |  1.1

Action                     |  1- 3 |  4- 6 || total
---------------------------+-------+-------++-------
   Fire: Shortbow          |   109 |    87 ||   196
    Use: Scroll            |     1 |     1 ||     2
 Armour: Leather armour    |    13 |       ||    13
         Ring mail         |    23 |    21 ||    44
  Dodge: Dodged            |    29 |    21 ||    50

Table legend:
 A = Non-vault XP
 B = Vault XP
 C = Vault XP percentage of total XP
 D = Non-vault monster count
 E = Vault monster count
 F = Vault count percentage of total count
                 A         B        C        D         E       F
            +---------+---------+-------+---------+---------+-------
      Total |     138 |      17 |  11.0 |      54 |       7 |  11.5
            +---------+---------+-------+---------+---------+-------
        D:1 |      34 |       0 |   0.0 |      20 |       0 |   0.0
        D:2 |      49 |       0 |   0.0 |      16 |       0 |   0.0
        D:3 |      55 |      17 |  23.6 |      18 |       7 |  28.0
            +---------+---------+-------+---------+---------+-------
